 Dungeon Crawl Stone Soup version 0.17-a0-119-g2b06fc5 (webtiles) character file.

177738 xeno23 the Thaumaturge (level 17, -3/150 HPs)
             Began as a Purple Draconian Wizard on Mar 15, 2015.
             Was the Champion of Ashenzari.
             Shot with a stone by a faun (4 damage)
             ... led by a satyr
             ... on level 3 of the Shoals on Mar 20, 2015.
             The game lasted 11:09:51 (48782 turns).

xeno23 the Thaumaturge (Purple Draconian Wizard)   Turns: 48782, Time: 11:09:51

Health: -3/150     AC: 22    Str: 10    XL:     17   Next: 26%
Magic:  0/37       EV: 22    Int: 29    God:    Ashenzari [******]
Gold:   2404       SH:  0    Dex: 11    Spells: 13 memorised, 3 levels left

rFire  + . .     SeeInvis +     F - +3 bardiche of Reason {flame, rPois rF+ MR+} (curse)
rCold  . . .     Clarity  +     (armour unavailable)
rNeg   . . .     SustAb   .     (no shield)
rPois  +         Gourm    .     b - +2 hat (curse)
rElec  .         Spirit   +     O - +0 cloak (curse)
rCorr  .         Warding  .     N - +2 pair of gloves (curse)
rMut   .         Stasis   .     p - +2 pair of boots {Fly} (curse)
MR     +++..                    U - amulet of guardian spirit
Stlth  +++++.....               r - ring of Balance {AC+4 Int+5 SInv} (curse)
                                S - +4 ring of evasion (curse)

@: flying, extremely resistant to hostile enchantments, quite stealthy
A: breathe power, unfitting armour, cold-blooded, AC +9
a: Breathe Dispelling Energy, Scrying, Transfer Knowledge, Renounce Religion,
Stop Flying
}: 1/15 runes: gossamer


You were on level 3 of the Shoals.
You worshipped Ashenzari.
Ashenzari was exalted by your worship.
You were hungry.

You visited 6 branches of the dungeon, and saw 32 of its levels.
You also visited: Labyrinth and Ice Cave.

You collected 4761 gold pieces.
You spent 2357 gold pieces at shops.

Inventory:

Hand weapons
 F - the cursed +3 bardiche of Reason (weapon) {flame, rPois rF+ MR+}
   (You found it on level 8 of the Lair of Beasts)

   It has been specially enchanted to burn those struck by it, causing extra
   injury to most foes and up to half again as much damage against particularly
   susceptible opponents.
   Big, fiery blades are also staple armaments of hydra-hunters.
   It protects you from fire.
   It protects you from poison.
   It affects your resistance to hostile enchantments.
   It has a curse placed upon it.
Missiles
 c - 7 javelins (quivered)
 l - 4 throwing nets
Armour
 b - a cursed +2 hat (worn)
 p - a cursed +2 pair of boots of flying (worn)
 t - the +2 large shield "Vagru" {MR++ Str-4 Int+3 Stlth+}
   (You found it on level 2 of the Shoals)

   It affects your strength (-4).
   It affects your intelligence (+3).
   It affects your resistance to hostile enchantments.
   It makes you more stealthy.
 N - a cursed +2 pair of gloves (worn)
 O - a cursed +0 cloak (worn)
Jewellery
 o - an uncursed amulet of stasis
 r - the cursed ring of Balance (right hand) {AC+4 Int+5 SInv}
   (You found it in a labyrinth)

   [ring of protection]

   It affects your AC (+4).
   It affects your intelligence (+5).
   It enhances your eyesight.
   It has a curse placed upon it.
 S - a cursed +4 ring of evasion (left hand)
 U - an amulet of guardian spirit (around neck)
Magical devices
 n - a wand of enslavement (8)
 H - a wand of invisibility (5)
 R - a wand of heal wounds (4)
 W - a wand of digging (20)
 X - a wand of polymorph (6)
 Y - a wand of disintegration (7)
Scrolls
 a - 14 scrolls of teleportation
 h - a scroll of vulnerability
 j - a scroll of curse armour
 m - 8 scrolls of magic mapping
 s - 3 scrolls of fog
 w - 3 scrolls of immolation
 y - 4 scrolls of amnesia
 C - 2 scrolls of fear
 K - 6 scrolls of curse jewellery
 M - 2 scrolls of curse weapon
 P - 5 scrolls of remove curse
 Q - 5 scrolls of identify
 T - 3 scrolls of enchant weapon
Potions
 g - 6 potions of brilliance
 i - 2 potions of heal wounds
 k - a potion of haste
 v - 5 potions of resistance
 z - 11 potions of curing
 A - 3 potions of agility
 B - 7 potions of restore abilities
 I - a potion of cancellation
 L - 3 potions of might
Books
 e - a Grand Grimoire {highlevel, unknown}

   This book is beyond your current level of understanding.

   Spells                             Type                      Level
   a - Aura of Abjuration             Summoning                    6
   b - Summon Greater Demon           Summoning                    7
   c - Malign Gateway                 Summoning/Translocation      7
   d - Summon Horrible Things         Summoning                    8
Miscellaneous
 Z - an ornate deck of changes
Comestibles
 d - 20 bread rations
 q - 17 meat rations
 u - 20 fruits
 J - 6 royal jellies


   Skills:
 * Level 13.2 Fighting
 + Level 8.4(14.1) Polearms
 + Level 8.6(13.0) Dodging
 + Level 9.7(14.0) Stealth
 + Level 4.8 Shields
 * Level 14.0 Spellcasting
 * Level 12.4(15.1) Conjurations
 - Level 3.4(6.1) Hexes
 - Level 3.0(5.6) Charms
 - Level 6.3(9.4) Summonings
 - Level 4.1(6.9) Translocations
 * Level 6.5(9.6) Transmutations
 * Level 6.3(9.4) Fire Magic
 - Level 6.4(9.5) Ice Magic
 - Level 3.8(6.6) Air Magic
 * Level 6.8(9.9) Earth Magic
 - Level 4.0(6.8) Poison Magic
 - Level 7.1(10.2) Evocations


You had 3 spell levels left.
You knew the following spells:

 Your Spells              Type           Power        Failure   Level  Hunger
a - Magic Dart            Conj           ####         0%          1    None
b - Blink                 Tloc           N/A          1%          2    None
c - Summon Ice Beast      Ice/Summ       ######..     1%          4    None
d - Conjure Flame         Conj/Fire      ######..     1%          3    None
e - Mephitic Cloud        Conj/Pois/Air  ######..     1%          3    None
f - Corona                Hex            ######.      1%          1    None
g - Statue Form           Trmt/Erth      ######...    10%         6    ####...
i - Condensation Shield   Ice            ######....   1%          4    None
o - Ozocubu's Armour      Chrm/Ice       ######..     1%          3    None
q - Bolt of Fire          Conj/Fire      ######....   2%          6    ####...
r - Repel Missiles        Chrm/Air       ######       1%          2    None
s - Swiftness             Chrm/Air       ######..     1%          2    None
w - Throw Icicle          Conj/Ice       ######..     1%          4    None


Dungeon Overview and Level Annotations

Branches:
Dungeon (11/15)            Temple (1/1) D:6            Lair (8/8) D:10
 Shoals (3/5) Lair:6       Spider (5/5) Lair:4        Slime (0/6) Lair:8
    Orc (4/4) D:11            Elf (0/3) Orc:4

Altars:
Ashenzari
Cheibriados
Dithmenos
Elyvilon
Fedhas
Gozag
Kikubaaqudgha
Makhleb
Nemelex Xobeh
Okawaru
Qazlal
Ru
Sif Muna
Trog
Vehumet
Xom
Yredelemnul
Zin
The Shining One
Beogh
Jiyva

Shops:
D:6 *   D:11 [   Orc:4 %([(

Annotations:
Shoals:3 Agnes
Orc:4 Saint Roka


Innate Abilities, Weirdness & Mutations

You can breathe bolts of energy.
You can dispel enchantments when you breathe energy.
Your rich purple scales are hard (AC +9).
Your body does not fit into most forms of armour.
Your cold-blooded metabolism reacts poorly to cold.


Message History

You reach to attack!
The sea snake hisses angrily.
You slash the faun!! You burn the faun.
You kill the faun!
You hear a splash. x3
The sea snake moves out of view.
The faun shoots a stone.
The stone hits you.
* * * LOW HITPOINT WARNING * * *
x2 You hear a splash.
Agnes hits you with a lajatang!
* * * LOW HITPOINT WARNING * * *
The faun casts a spell at you. You resist with almost no effort.
The faun shoots a stone.
The stone misses you.
You hear a splash.
Press: ? - help, v - describe, . - travel
Here: Agnes, wielding a lajatang and wearing a robe The floor.
The faun shoots a stone.
The stone hits you!
* * * LOW HITPOINT WARNING * * *
You die...

≈≈≈≈≈≈≈≈≈≈≈≈≈≈≈≈≈.....
,** , ≈≈
≈≈≈≈≈≈≈≈≈≈≈≈≈≈≈.... **
≈≈≈≈≈≈≈≈≈≈≈≈≈≈c≈≈≈.>..#
** * ≈
≈≈≈≈≈≈≈.≈≈≈≈≈≈≈≈≈≈≈.. *
, ≈
≈.≈≈≈...≈≈.≈≈≈.≈≈≈≈., ,,
* ≈
,,.≈≈....≈i≈)≈≈≈≈≈≈≈≈≈
,,*, ≈ ,
,≈≈....S≈≈≈≈≈≈≈≈≈≈≈≈ ≈,
, * ≈,,
....#...≈≈≈≈≈≈..## ,≈≈
,,* ≈≈, ,,
...##..(≈@≈≈≈...# ,,,, ,
≈ ≈
,,...[[.≈≈≈≈≈≈≈≈....,,,,
,* ,
≈,,.......≈≈≈≈≈≈≈≈.. , ,
* ≈ ,≈≈
....≈≈..≈≈≈≈≈≈≈≈., ,,, *
≈≈≈≈ ≈≈..≈≈..≈≈≈≈≈≈≈≈≈,
≈,,,, * ≈≈
,,...........≈≈≈≈,,,, ,,
≈≈ ≈ ≈≈ (.........?≈.,,*
,, ,, ≈≈≈≈≈ .....#...≈≈
, ,≈ ≈≈≈≈ ≈≈ ,....#....
≈ ,, , , ,,


You could see Agnes, a sea snake and a faun.

Vanquished Creatures
  An Ice Fiend (IceCv)
  Polyphemus (Shoals:2)
  A kraken (Shoals:1)
  A frost giant (Shoals:2)
  6 ghost moths
  6 emperor scorpions (Spider:5)
  The ghost of squibie the Carver, a powerful DgGl (Lair:8)
  A minotaur (Lab)
  2 merfolk impalers
  5 hydras
  An ice dragon (Lair:5)
  2 merfolk avatars
  Erica (Lair:6)
  25 death yaks
  5 catoblepae
  Nergalle (Lair:3)
  A fire crab (Lair:3)
  5 sea snakes
  4 ice devils (IceCv)
  A hill giant (D:10)
  2 ice statues (IceCv)
  5 harpies
  2 orc knights
  4 griffons
  3 fauns
  12 orb spiders
  A water nymph (Shoals:2)
  5 hornets
  7 cyclopes (Shoals:2)
  2 moths of wrath
  20 wolf spiders
  6 manticores
  3 orc sorcerers (Orc:4)
  5 black mambas
  2 sirens
  10 spiny frogs
  3 elephants (Lair:3)
  A drowned soul (Shoals:2)
  5 torpor snails
  2 centaur skeletons (D:10)
  An anaconda simulacrum (IceCv)
  2 fire drakes
  7 komodo dragons
  8 demonic crawlers
  5 trolls
  25 jumping spiders
  2 wind drakes
  7 blue devils (IceCv)
  A minotaur skeleton (Lab)
  A slime creature (D:10)
  3 snapping turtles
  A two-headed ogre (Orc:3)
  8 blink frogs
  11 merfolk
  2 basilisks
  A boulder beetle (Lair:1)
  20 trapdoor spiders
  17 tarantellas
  3 water elementals
  2 wraiths
  43 redbacks
  23 yaks
  A hungry ghost (D:10)
  Eustachio (D:8)
  2 vampire mosquitoes (Lair:6)
  2 wyverns (Lair:6)
  3 dire elephant simulacra (IceCv)
  9 hippogriffs
  A steam dragon (Lair:5)
  5 wargs
  2 insubstantial wisps (Lair:6)
  Edmund (D:7)
  Menkaure (D:6)
  12 wolves
  2 harpy simulacra (IceCv)
  An iron troll simulacrum (IceCv)
  The ghost of Fusha the Sneak, an average KoEn (D:4)
  2 hydra simulacra (IceCv)
  14 porcupines
  13 water moccasins
  37 orc warriors
  A swamp drake (Lair:6)
  32 spiders
  14 ice beasts
  A necrophage (D:9)
  4 phantoms
  A sky beast (D:11)
  8 ogres
  A black bear (D:8)
  A wasp (Spider:4)
  An ettin simulacrum (IceCv)
  4 centaurs
  8 crocodiles
  2 big kobolds (D:10)
  17 giant frogs
  7 scorpions
  25 killer bees
  9 wights
  An electric eel (Spider:2)
  A centaur zombie (D:10)
  5 crimson imps
  6 goliath beetles
  2 jellies
  8 iguanas
  2 giant frog zombies
  Crazy Yiuf (D:6)
  18 hounds
  A gnoll shaman (D:4)
  41 orc priests
  31 orc wizards
  16 sheep
  5 worker ants
  A hound zombie (D:7)
  A mummy (D:10)
  3 orc zombies (Orc:4)
  31 adders
  10 gnolls
  44 river rats
  A worm zombie (D:8)
  A shadow imp (D:5)
  A giant mite (D:6)
  3 worms
  4 adder skeletons
  2 adder zombies
  7 giant geckos
  An ooze (D:3)
  194 orcs
  15 bats
  20 hobgoblins
  17 jackals
  21 kobolds
  22 quokkas
  4 giant cockroaches
  3 giant newts
  A giant spore (D:10)
  20 goblins
  A goblin skeleton (Orc:4)
  A quokka skeleton (D:4)
  18 rats
  5 ballistomycetes (D:6)
  A bush (Lair:7)
  14 fungi
  5 plants
1220 creatures vanquished.

Vanquished Creatures (collateral kills)
  Donald (Orc:3)
  Josephine (Orc:1)
  2 hydras
  A satyr (Shoals:3)
  An orc high priest (Orc:3)
  A death yak (Lair:7)
  Urug (Orc:2)
  Pikel (D:5)
  An orc knight (Orc:4)
  5 wolf spiders
  An orb spider (Spider:5)
  A hornet (Spider:3)
  An elephant (Lair:3)
  An orc sorcerer (Orc:2)
  2 spiny frogs
  Joseph (Orc:4)
  2 black mambas
  A demonic crawler (Spider:3)
  2 komodo dragons
  A jumping spider (Spider:3)
  A queen bee (D:8)
  9 blink frogs
  2 slime creatures (D:10)
  2 trapdoor spiders
  3 wraiths (Orc:1)
  2 basilisks
  3 redbacks
  A tarantella (Spider:5)
  5 yaks
  A hippogriff (Lair:1)
  A hungry ghost (Lab)
  A vampire mosquito (Lair:6)
  3 wargs
  An insubstantial wisp (Lair:6)
  3 water moccasins
  A spider (Spider:5)
  An ogre (Orc:2)
  A porcupine (Lair:7)
  6 orc warriors
  2 giant frogs
  2 scorpions
  A killer bee (D:8)
  6 orc priests
  6 orc wizards
  2 iguanas
  2 sheep
  2 gnolls (D:7)
  7 river rats
  2 adders
  A giant mite (Lair:4)
  34 orcs
  A bat (D:10)
  2 goblins (Orc:3)
  A hobgoblin (Orc:2)
  A quokka (Lair:6)
  A gnoll zombie (D:8)
  3 kobolds
  2 fungi
153 creatures vanquished.

Vanquished Creatures (others)
  Norris (Shoals:2)
  9 drowned souls (Shoals:2)
  A jumping spider (Spider:1)
  A redback (Spider:2)
  2 vampire mosquitoes (Lair:6)
  A spider (Spider:2)
  83 ice beasts
  15 crimson imps
  An iron imp (D:8)
  9 white imps
  6 shadow imps
  3 orcs
  A giant spore (D:6)
  2 fungi
  6 plants
  12 tentacles (Shoals:1)
  934 tentacle segments (Shoals:1)
1087 creatures vanquished.

Grand Total: 2460 creatures vanquished

Notes
Turn   | Place    | Note
--------------------------------------------------------------
     0 | D:1      | xeno23, the Draconian Wizard, began the quest for the Orb.
     0 | D:1      | Reached XP level 1. HP: 14/14 MP: 4/4
    44 | D:1      | Found a sparkling altar of Nemelex Xobeh.
   218 | D:1      | Reached XP level 2. HP: 17/22 MP: 4/6
   222 | D:1      | Learned a level 2 spell: Blink
   225 | D:1      | Learned a level 2 spell: Call Imp
   912 | D:2      | Reached skill level 1 in Fighting
   912 | D:2      | Reached XP level 3. HP: 4/28 MP: 1/8
   985 | D:2      | Found a shattered altar of Ashenzari.
  1352 | D:2      | Learned a level 3 spell: Conjure Flame
  1378 | D:2      | Reached XP level 4. HP: 27/35 MP: 0/10
  1490 | D:2      | Found a shadowy altar of Dithmenos.
  2248 | D:3      | Found an iron altar of Okawaru.
  2306 | D:3      | Reached XP level 5. HP: 41/41 MP: 9/11
  2557 | D:4      | Noticed a phantom
  2579 | D:4      | Killed a phantom
  2579 | D:4      | Reached skill level 1 in Fire Magic
  2771 | D:4      | Noticed a phantom
  2839 | D:4      | Killed a phantom
  2839 | D:4      | Reached skill level 4 in Spellcasting
  2839 | D:4      | Reached XP level 6. HP: 48/50 MP: 4/15
  2856 | D:4      | Noticed Fusha's ghost (average KoEn)
  2875 | D:4      | Killed Fusha's ghost
  2928 | D:4      | Learned a level 3 spell: Mephitic Cloud
  2943 | D:4      | Noticed an ogre
  2958 | D:4      | Killed an ogre
  2958 | D:4      | Your scales start taking on a rich purple colour.
  2958 | D:4      | Reached skill level 5 in Spellcasting
  2958 | D:4      | Reached XP level 7. HP: 55/57 MP: 7/18
  3368 | D:5      | Entered Level 5 of the Dungeon
  3468 | D:5      | Reached skill level 1 in Polearms
  3584 | D:5      | Found a glowing golden altar of the Shining One.
  3701 | D:5      | Found a stormy altar of Qazlal.
  3701 | D:5      | Found an ancient bone altar of Kikubaaqudgha.
  3894 | D:5      | Noticed Pikel
  3945 | D:6      | Noticed Menkaure
  3956 | D:6      | Killed Menkaure
  3956 | D:6      | Reached skill level 1 in Air Magic
  3956 | D:6      | Reached skill level 1 in Poison Magic
  3956 | D:6      | Reached XP level 8. HP: 39/66 MP: 15/20
  4434 | D:5      | Killed Pikel
  4434 | D:5      | Reached skill level 6 in Spellcasting
  4490 | D:6      | Upgraded the game from 0.17-a0-82-g3e33fa6 to 0.17-a0-83-g894156c
  4826 | D:2      | Became a worshipper of Ashenzari the Shackled
  5340 | D:6      | Learned a level 1 spell: Corona
  5404 | D:6      | Found a staircase to the Ecumenical Temple.
  5582 | D:7      | Noticed Edmund
  5611 | D:7      | Killed Edmund
  5649 | D:7      | Found a snail-covered altar of Cheibriados.
  5785 | D:7      | Found a radiant altar of Vehumet.
  5858 | D:7      | Reached XP level 9. HP: 61/73 MP: 17/23
  5971 | D:7      | Reached skill level 5 in Fighting
  6127 | D:7      | Reached skill level 5 in Conjurations
  6523 | D:6      | Found Lymiod's Assorted Antiques.
  6600 | D:6      | Noticed Crazy Yiuf
  6613 | D:6      | Killed Crazy Yiuf
  6724 | Temple   | Entered the Ecumenical Temple
  6864 | D:7      | Reached skill level 1 in Hexes
  7333 | D:8      | Learned a level 3 spell: Ozocubu's Armour
  7391 | D:8      | Reached skill level 7 in Spellcasting
  7500 | D:8      | Noticed Eustachio
  7553 | D:8      | You fall through a shaft!
  8269 | D:8      | Reached skill level 1 in Ice Magic
  8308 | D:8      | Killed Eustachio
  8308 | D:8      | Reached XP level 10. HP: 69/83 MP: 9/25
  9147 | D:9      | Reached skill level 1 in Charms
  9304 | D:9      | Reached skill level 5 in Fire Magic
  9816 | D:9      | Reached skill level 1 in Evocations
 10028 | D:9      | Learned a level 2 spell: Repel Missiles
 10041 | D:9      | Learned a level 4 spell: Throw Icicle
 10069 | D:10     | Entered Level 10 of the Dungeon
 10250 | D:10     | Reached skill level 8 in Spellcasting
 10304 | D:10     | Found a shattered altar of Ashenzari.
 10414 | D:10     | Found a staircase to the Lair.
 10455 | D:10     | Reached XP level 11. HP: 47/91 MP: 11/27
 11125 | D:11     | Acquired Ashenzari's first power
 11508 | D:11     | Found Runyungu's Magic Scroll Emporium.
 11548 | D:11     | Bought a scroll of immolation for 56 gold pieces
 11548 | D:11     | Bought a scroll of fog for 32 gold pieces
 11687 | D:11     | Found Pnextu's Antique Armour Shop.
 11693 | D:11     | Bought a pair of embroidered boots for 112 gold pieces
 11693 | D:11     | Bought a pair of gloves for 112 gold pieces
 11706 | D:11     | Learned a level 2 spell: Swiftness
 11855 | D:11     | Found a staircase to the Orcish Mines.
 11923 | D:11     | Found a roughly hewn altar of Beogh.
 12079 | Orc:1    | Entered Level 1 of the Orcish Mines
 13397 | Orc:2    | Noticed Josephine
 13542 | Orc:2    | Noticed Urug
 13977 | Orc:3    | Noticed Donald
 14143 | D:10     | Learned a level 4 spell: Summon Ice Beast
 14145 | Lair:1   | Entered Level 1 of the Lair of Beasts
 14145 | Lair:1   | Found a labyrinth entrance.
 14152 | Lab      | Entered a labyrinth
 14519 | Lab      | Acquired Ashenzari's second power
 15984 | Lab      | Noticed a minotaur
 15999 | Lab      | Killed a minotaur
 16061 | Lab      | Identified the ring of Balance {AC+4 Int+5 SInv}
 16078 | Lab      | Identified a +3 rod of ignition (12/12) (You found it in a labyrinth)
 16668 | Lair:1   | Reached skill level 9 in Spellcasting
 16928 | Lair:1   | Acquired Ashenzari's third power
 17184 | Lair:2   | Reached skill level 5 in Stealth
 17722 | Lair:2   | Reached XP level 12. HP: 86/101 MP: 21/29
 17771 | Lair:2   | Learned a level 4 spell: Condensation Shield
 18015 | Lair:2   | Reached skill level 5 in Summonings
 18382 | Lair:3   | Reached skill level 5 in Ice Magic
 18496 | Lair:3   | Noticed Nergalle
 18521 | Lair:3   | Killed Nergalle
 18714 | Lair:3   | Noticed an eight-headed hydra
 18938 | Lair:3   | Reached skill level 5 in Dodging
 19669 | Lair:3   | Killed a 12-headed hydra
 19966 | Lair:3   | Reached skill level 10 in Spellcasting
 20830 | Orc:2    | Killed Urug
 21219 | Orc:1    | Killed Josephine
 21758 | Orc:3    | Reached XP level 13. HP: 110/110 MP: 21/31
 22111 | Orc:3    | Killed Donald
 22111 | Orc:3    | Reached skill level 5 in Evocations
 23066 | Orc:4    | Entered Level 4 of the Orcish Mines
 23066 | Orc:4    | Found a staircase to the Elven Halls.
 23074 | Orc:4    | Noticed Joseph
 23089 | Orc:4    | Killed Joseph
 23279 | Orc:4    | Reached skill level 5 in Polearms
 23307 | Orc:4    | Found a roughly hewn altar of Beogh.
 23334 | Orc:4    | Found Obang's Antique Weapon Boutique.
 23340 | Orc:4    | Bought a slimy scythe for 232 gold pieces
 23340 | Orc:4    | Identified the +7 scythe "Xizeyj" {pain, rC++ MR-} (You bought it in a shop on level 4 of the Orcish Mines)
 23431 | Orc:4    | Found a roughly hewn altar of Beogh.
 23501 | Orc:4    | Found a roughly hewn altar of Beogh.
 23531 | Orc:4    | Found a roughly hewn altar of Beogh.
 23843 | Orc:4    | Found a roughly hewn altar of Beogh.
 23893 | Orc:4    | Found a roughly hewn altar of Beogh.
 23938 | Orc:4    | Found Elatarurr's Food Emporium.
 24012 | Orc:4    | Noticed Saint Roka
 24637 | Orc:4    | Found a roughly hewn altar of Beogh.
 24637 | Orc:4    | Found Hezxiaj's Antique Weapon Boutique.
 24641 | Orc:4    | Found Potywaw's Antique Armour Shop.
 24689 | Orc:4    | Bought a pair of glowing gloves for 103 gold pieces
 24697 | Orc:4    | Bought a bone trident for 212 gold pieces
 24697 | Orc:4    | Identified the +3 trident "Ghusium" {freeze, rElec rC- Dex+2} (You bought it in a shop on level 4 of the Orcish Mines)
 25885 | Orc:3    | Found a roughly hewn altar of Beogh.
 25961 | Orc:3    | Noticed an orc high priest
 25969 | Orc:3    | Killed an orc high priest
 25980 | Orc:3    | Found a roughly hewn altar of Beogh.
 26507 | D:11     | Bought a glowing buckler for 112 gold pieces
 26558 | D:11     | Bought a scroll of identify for 32 gold pieces
 26558 | D:11     | Bought a scroll of enchant armour for 120 gold pieces
 26558 | D:11     | Bought a scroll of enchant weapon for 120 gold pieces
 26558 | D:11     | Bought a scroll of brand weapon for 320 gold pieces
 26558 | D:11     | Bought a scroll of identify for 32 gold pieces
 26558 | D:11     | Bought a scroll of identify for 32 gold pieces
 26763 | D:6      | Bought a paperback book for 300 gold pieces
 26763 | D:6      | Bought a potion of curing for 60 gold pieces
 26763 | D:6      | Bought a metal-bound book for 300 gold pieces
 26763 | D:6      | Bought a scroll of amnesia for 70 gold pieces
 27022 | Lair:3   | Upgraded the game from 0.17-a0-83-g894156c to 0.17-a0-107-gcb34577
 27142 | Lair:4   | Reached skill level 1 in Shields
 27391 | Lair:4   | Reached skill level 11 in Spellcasting
 27921 | Lair:4   | Found a hole to the Spider Nest.
 28376 | Lair:5   | Reached skill level 10 in Fighting
 28421 | Lair:5   | Acquired Ashenzari's fourth power
 29559 | Lair:6   | Noticed Erica
 30080 | Lair:6   | Found a staircase to the Shoals.
 30113 | Lair:6   | Killed Erica
 30226 | Lair:6   | Reached XP level 14. HP: 96/121 MP: 31/33
 31359 | Lair:8   | Entered Level 8 of the Lair of Beasts
 31359 | Lair:8   | Identified the +5 scythe "Nugewko" {flame, rF++ MR- Int+4}
 31420 | Lair:8   | Noticed squibie's ghost (powerful DgGl)
 31760 | Lair:8   | Killed squibie's ghost
 32276 | Lair:8   | Reached skill level 10 in Conjurations
 33170 | Lair:8   | Reached skill level 12 in Spellcasting
 33419 | Lair:8   | Found a viscous altar of Jiyva.
 33420 | Lair:8   | Found a staircase to the Slime Pits.
 33820 | Lair:8   | Reached XP level 15. HP: 57/130 MP: 23/34
 33824 | Lair:8   | Identified the cursed +3 bardiche of Reason {flame, rPois rF+ MR+}
 34098 | D:10     | Upgraded the game from 0.17-a0-107-gcb34577 to 0.17-a0-114-g0a99873
 34178 | D:10     | Learned a level 6 spell: Statue Form
 34324 | Orc:4    | HP: 6/130 [Saint Roka/divine providence (11)]
 34947 | Spider:1 | Entered Level 1 of the Spider Nest
 34999 | Spider:1 | HP: 6/130 [poisoned by a trapdoor spider]
 35533 | Spider:1 | Reached skill level 1 in Earth Magic
 35798 | Spider:2 | Reached skill level 1 in Transmutations
 36241 | Spider:2 | HP: 2/132 [wolf spider (8)]
 38288 | Spider:4 | Found a frozen archway.
 38357 | IceCv    | Entered an ice cave
 38946 | IceCv    | Noticed an Ice Fiend
 39242 | IceCv    | Identified the +6 long sword "Ivuneung" {freeze, Str+6}
 39254 | IceCv    | Killed an Ice Fiend
 39254 | IceCv    | Reached skill level 13 in Spellcasting
 40267 | Spider:5 | Entered Level 5 of the Spider Nest
 40538 | Spider:5 | Reached XP level 16. HP: 139/139 MP: 2/36
 41450 | Spider:5 | Reached skill level 5 in Earth Magic
 42957 | Spider:5 | Reached skill level 5 in Transmutations
 44250 | Spider:5 | Got a gossamer rune of Zot
 44651 | D:10     | Upgraded the game from 0.17-a0-114-g0a99873 to 0.17-a0-119-g2b06fc5
 44686 | D:10     | Learned a level 6 spell: Bolt of Fire
 44887 | Shoals:1 | Entered Level 1 of the Shoals
 46538 | Shoals:2 | Noticed Polyphemus
 47417 | Shoals:2 | Reached XP level 17. HP: 119/149 MP: 19/37
 47433 | Shoals:2 | Noticed Norris
 47531 | Shoals:2 | Killed Norris
 47794 | Shoals:2 | Got the uncursed large shield "Vagru" {MR++ Str-4 Int+3 Stlth+}
 48465 | Shoals:2 | Reached skill level 14 in Spellcasting
 48473 | Shoals:2 | Killed Polyphemus
 48748 | Shoals:3 | Noticed Agnes
 48771 | Shoals:3 | HP: 3/150 [sea snake (16)]
 48782 | Shoals:3 | HP: 1/150 [faun/stone[a satyr] (12)]
 48782 | Shoals:3 | Shot with a stone by a faun

Action                   |  1- 3 |  4- 6 |  7- 9 | 10-12 | 13-15 | 16-18 || total
-------------------------+-------+-------+-------+-------+-------+-------++-------
Melee: Unarmed           |    64 |       |       |       |       |       ||    64
       Spear             |    56 |    80 |       |       |       |       ||   136
       Trident           |       |    56 |   251 |       |       |       ||   307
       Halberd           |       |       |   182 |  1081 |    35 |       ||  1298
       Scythe            |       |       |       |       |   807 |       ||   807
       Demon trident     |       |       |       |       |   104 |       ||   104
       Bardiche          |       |       |       |       |   178 |   418 ||   596
Throw: Stone             |       |    21 |     1 |       |       |       ||    22
       Tomahawk          |       |       |       |     5 |       |       ||     5
       Javelin           |       |       |       |       |     6 |     4 ||    10
 Cast: Magic Dart        |    52 |    31 |   155 |   264 |   180 |    42 ||   724
       Call Imp          |     2 |     4 |    49 |    43 |       |       ||    98
       Blink             |     1 |       |    11 |     9 |     8 |     4 ||    33
       Conjure Flame     |       |    11 |    30 |    51 |    31 |     6 ||   129
       Corona            |       |       |     4 |     2 |       |       ||     6
       Ozocubu's Armour  |       |       |       |    16 |    29 |     8 ||    53
       Throw Icicle      |       |       |       |    82 |   140 |    62 ||   284
       Mephitic Cloud    |       |       |       |    34 |    43 |     3 ||    80
       Repel Missiles    |       |       |       |     4 |     1 |     1 ||     6
       Summon Ice Beast  |       |       |       |    68 |   109 |    26 ||   203
       Swiftness         |       |       |       |     4 |     3 |     1 ||     8
       Condensation Shie |       |       |       |     5 |    17 |     6 ||    28
       Statue Form       |       |       |       |       |     1 |       ||     1
       Bolt of Fire      |       |       |       |       |       |    61 ||    61
Invok: Scrying           |       |       |       |     3 |     6 |       ||     9
 Abil: Breathe Dispellin |       |       |     1 |       |       |       ||     1
       Stop Flying       |       |       |       |       |     1 |       ||     1
       Evoke Flight      |       |       |       |       |     1 |       ||     1
Evoke: Wand              |       |       |       |     1 |    14 |     3 ||    18
  Use: Scroll            |       |       |     4 |    27 |    29 |     5 ||    65
       Potion            |       |       |       |       |     4 |     1 ||     5
 Stab: Sleeping          |       |     1 |     3 |     5 |    34 |     3 ||    46
       Distracted        |       |       |     1 |    10 |    10 |     5 ||    26
       Confused          |       |       |       |     8 |     8 |       ||    16
       Invisible         |       |       |       |       |     2 |       ||     2
  Eat: Chunk             |     2 |     6 |    13 |    41 |    50 |    28 ||   140
       Royal jelly       |       |       |     2 |       |       |     3 ||     5
       Beef jerky        |       |       |       |     1 |     2 |     1 ||     4
       Fruit             |       |       |       |     3 |     5 |       ||     8
       Meat ration       |       |       |       |     1 |       |       ||     1
       Pizza             |       |       |       |       |     3 |       ||     3
